 Dungeon Crawl Stone Soup version 0.17.0-28-g6e173f8 (webtiles) character file.

211 gorblad the Chopper (level 5, -9/46 HPs)
             Began as a Minotaur Gladiator on Nov 24, 2015.
             Killed by divine providence
             ... invoked by an orc priest
              (13 damage)
             ... on level 3 of the Dungeon on Nov 25, 2015.
             The game lasted 00:09:11 (2579 turns).

gorblad the Chopper (Minotaur Gladiator)            Turns: 2579, Time: 00:09:11

Health: -9/46      AC: 12    Str: 20    XL:     5   Next: 57%
Magic:  4/4        EV:  7    Int:  5    God:
Gold:   86         SH:  0    Dex: 11    Spells: 0 memorised, 4 levels left

rFire  . . .     SeeInvis .     a - +0 war axe
rCold  . . .     Clarity  .     o - +0 plate armour (curse)
rNeg   . . .     SustAt   .     (no shield)
rPois  .         Gourm    .     c - +0 hat
rElec  .         Spirit   .     x - +0 cloak
rCorr  .         Warding  .     (no gloves)
rMut   .         Stasis   .     (no boots)
MR     .....                    (no amulet)
Stlth  ..........               (no ring)
                                (no ring)

@: flying, not resistant to hostile enchantments, extremely unstealthy
A: retaliatory headbutt, horns 2
a: no special abilities


You were on level 3 of the Dungeon.
You were not hungry.

You visited 1 branch of the dungeon, and saw 3 of its levels.

You collected 86 gold pieces.

Inventory:

Hand Weapons
 a - a +0 war axe (weapon)
 w - a +3 quarterstaff of chaos
Missiles
 d - 4 throwing nets (quivered)
Armour
 b - a +0 leather armour
 c - a +0 hat (worn)
 l - a +0 ring mail
 o - a cursed +0 plate armour (worn)
 x - a +0 cloak (worn)
Wands
 t - a wand of random effects (21)
 v - a wand of magic darts (27)
Scrolls
 g - a scroll of enchant armour {unknown}
 h - 3 scrolls of magic mapping {unknown}
 j - 2 scrolls of random uselessness {unknown}
 p - a scroll of recharging {unknown}
 y - a scroll of remove curse {unknown}
 B - a scroll of identify
Potions
 f - a potion of mutation
 k - 2 potions of brilliance
 n - a potion of flight
 r - a potion of poison {unknown}
 u - a potion of might {unknown}
 A - a potion of ambrosia {unknown}
Books
 s - a book of Cantrips

   Spells                             Type                      Level
   a - Corona                         Hexes                        1
   b - Animate Skeleton               Necromancy                   1
   c - Summon Small Mammal            Summoning                    1
   d - Apportation                    Translocation                1
Comestibles
 e - 2 bread rations
 i - 5 fruits
 q - 2 meat rations
 z - 8 chunks of flesh


   Skills:
 + Level 3.7 Fighting
 + Level 5.2 Axes
 + Level 2.0 Throwing
 + Level 3.1 Armour
 + Level 4.3 Dodging


You had 4 spell levels left.
You didn't know any spells.

Dungeon Overview and Level Annotations

Branches:
Dungeon (3/15)

Altars:
Yredelemnul


Innate Abilities, Weirdness & Mutations

You reflexively headbutt those who attack you in melee.
You have a pair of horns on your head.


Message History

Drink which item? (? for menu, Esc to quit)
It was a potion of flight.
You feel very buoyant.
You fly up into the air.
The adder bites you.
* * * LOW HITPOINT WARNING * * *
The orc hits you but does no damage.
A goblin comes into view.
You see here a poisoned needle.
The goblin shouts!
The orc priest hits you but does no damage.
The adder bites you but does no damage. The adder closely misses you.
The orc priest mumbles some strange prayers to Beogh against you.
Pain shoots through your body!
* * * LOW HITPOINT WARNING * * *
You found a teleport trap!
The adder closely misses you.
The kobold shoots a poisoned needle.
The poisoned needle closely misses you.
The orc priest mumbles some strange prayers to Beogh against you.
Something smites you!
You die...

#......................#...#.....
#......................#...#..##.
#......................#........#
#..........#...........#........#
#..........#.........#....(.....#
#..........#.........(...........
...........#..........(..........
...........(....^...K.#g........
.............(..@.So..(........
.....###....##(..#o.oo.?...###..o
.....# #....##.(.#......(((..o#
.....# #....#....)....#.......#
###### #....#.......###.........#
#....#.......#...........#
##############............
......#....... .?.....#.......


You could see 2 orc priests, an adder, 2 orcs, a goblin and a kobold.

Vanquished Creatures
  Crazy Yiuf (D:2)
  Natasha (thrice) (D:2)
  6 adders
  2 oozes
  2 worms (D:2)
  3 giant geckos (D:2)
  An orc (D:2)
  3 giant cockroaches
  8 hobgoblins
  11 jackals
  A ball python (D:2)
  10 bats
  2 giant newts
  2 gnoll zombies (D:2)
  6 goblins
  4 kobolds
  A quokka (D:3)
  17 rats
83 creatures vanquished.

Notes
Turn   | Place    | Note
--------------------------------------------------------------
     0 | D:1      | gorblad the Minotaur Gladiator began the quest for the Orb.
     0 | D:1      | Reached XP level 1. HP: 18/18 MP: 0/0
   109 | D:1      | Reached skill level 4 in Axes
   109 | D:1      | Reached XP level 2. HP: 15/25 MP: 1/1
   435 | D:1      | Reached XP level 3. HP: 30/30 MP: 2/2
  1053 | D:2      | Reached skill level 1 in Armour
  1068 | D:2      | Reached XP level 4. HP: 26/38 MP: 3/3
  1249 | D:2      | Noticed Natasha
  1254 | D:2      | Killed Natasha
  1290 | D:2      | Noticed Natasha
  1308 | D:2      | Killed Natasha
  1610 | D:2      | Noticed Natasha
  1613 | D:2      | Killed Natasha
  1623 | D:2      | Reached XP level 5. HP: 36/46 MP: 4/4
  1681 | D:2      | Noticed Crazy Yiuf
  1689 | D:2      | Killed Crazy Yiuf
  1689 | D:2      | Reached skill level 5 in Axes
  1959 | D:2      | Found a basalt altar of Yredelemnul.
  2579 | D:3      | Killed from afar by an orc priest

Action                   |  1- 3 |  4- 6 || total
-------------------------+-------+-------++-------
Melee: War axe           |    80 |   108 ||   188
  Use: Scroll            |     5 |       ||     5
       Potion            |       |     3 ||     3
  Eat: Chunk             |       |     4 ||     4
       Bread ration      |       |     1 ||     1
